 Dungeon Crawl Stone Soup version 0.24-a0-517-gd52e2fb918 (webtiles) character file.

Game seed: 9543820823274440130

6164 nikopol the Cleaver (level 10, -16/91 HPs)
             Began as a Minotaur Berserker on July 22, 2019.
             Was a High Priest of Trog.
             Demolished by a large abomination (20 damage)
             ... on level 9 of the Dungeon.
             The game lasted 00:09:44 (5882 turns).

nikopol the Cleaver (Minotaur Berserker)            Turns: 5882, Time: 00:09:44

Health: -16/91     AC: 12    Str: 28    XL:     10   Next: 60%
Magic:  9/9        EV: 12    Int:  6    God:    Trog [*****.]
Gold:   486        SH:  0    Dex: 10    Spells: 9/9 levels left

rFire    . . .     SeeInvis .   A - +2 hand axe (chop)
rCold    . . .     Gourm    .   (no shield)
rNeg     . . .     Faith    .   l - +0 scale mail
rPois    .         Spirit   .   (helmet restricted)
rElec    .         Reflect  .   x - +0 cloak of Goaddaej {+Fly Int+2} (curse)
rCorr    .         Harm     .   H - +2 pair of gloves {Str+3}
MR       .....                  e - -2 pair of boots (curse)
Stlth    ..........             (no amulet)
HPRegen  0.25/turn              (no ring)
MPRegen  0.11/turn              (no ring)

@: berserk cooldown, slowed, very slow
A: retaliatory headbutt, horns 2
a: Berserk, Trog's Hand, Brothers in Arms, Renounce Religion, Evoke Flight


You were on level 9 of the Dungeon.
You worshipped Trog.
Trog was extremely pleased with you.
You were near starving.

You visited 1 branch of the dungeon, and saw 9 of its levels.

You collected 643 gold pieces.
You spent 157 gold pieces at shops.

Inventory:

Hand Weapons
 a - a +0 hand axe
 n - a +0 war axe
 A - a +2 hand axe of chopping (weapon)
Missiles
 t - 38 arrows
Armour
 b - a +0 animal skin
 d - a +0 pair of gloves
 e - a cursed -2 pair of boots (worn)
 l - a +0 scale mail (worn)
 x - the cursed +0 cloak of Goaddaej (worn) {+Fly Int+2}
   (You found it on level 4 of the Dungeon)

   It affects your intelligence (+2).
   It lets you fly.
   It has a curse placed upon it.
 H - a +2 pair of gloves of strength (worn)
Wands
 v - a wand of clouds (6)
 J - a wand of enslavement (11)
Scrolls
 f - a scroll of random uselessness {unknown}
 g - 10 scrolls of identify {unknown}
 h - 4 scrolls of amnesia {unknown}
 i - 8 scrolls of teleportation
 j - a scroll of fog {unknown}
 k - 4 scrolls of enchant weapon {unknown}
 o - 4 scrolls of enchant armour
 u - 4 scrolls of remove curse {unknown}
 y - 2 scrolls of fear {unknown}
 C - 2 scrolls of noise {unknown}
 D - a scroll of immolation {unknown}
 I - a scroll of blinking {unknown}
Potions
 m - 2 potions of lignification {unknown}
 p - 5 potions of degeneration {unknown}
 q - a potion of brilliance {unknown}
 r - a potion of might {unknown}
 s - a potion of haste {unknown}
 w - 3 potions of agility {unknown}
 z - 3 potions of mutation {unknown}
 B - a potion of resistance {unknown}
 E - 2 potions of ambrosia {unknown}
 G - a potion of heal wounds {unknown}
Comestibles
 c - 15 rations
 F - 2 chunks of flesh


   Skills:
 + Level 9.3 Fighting
 + Level 13.3 Axes
 + Level 9.2 Armour
 + Level 5.5 Dodging
 + Level 2.1 Stealth


You had 9 spell levels left.
You didn't know any spells.
Your spell library was empty.

Dungeon Overview and Level Annotations

Branches:
Dungeon (9/15)             Temple (0/1) D:5
   Lair: D:8-11         Orc: D:9-12

Altars:
Nemelex Xobeh
Beogh

Shops:
D:8 ?

Annotations:
D:9 3 runed translucent doors, quik's ghost, novice DDFi


Innate Abilities, Weirdness & Mutations

You reflexively headbutt those who attack you in melee.
You have a pair of horns on your head.


Message History

You hit the large abomination but do no damage.
The large abomination is heavily damaged.
You hit the large abomination. You closely miss the small abomination.
The small abomination hits you!
The large abomination hits you but does no damage.
The large abomination closely misses you.
You fail to use your ability.
The large abomination hits you but does no damage.
The small abomination hits you.
The large abomination closely misses you.
The small abomination closely misses you.
The large abomination hits you!
Your ogre goes berserk!
You are near starving!
The large abomination hits you but does no damage.
The small abomination barely misses you.
The large abomination hits you!!
* * * LOW HITPOINT WARNING * * *
The large abomination hits you!!
You die...

=.?#..Z+.#..........#
.?##...+.....######.##
..#....#.##.## #..#
.##....#...## ######'###
##....##...# #........#
... ##...##.##..).....#
.. ###.......##........#
####..........#...O....#
.........###.###@#######
.....#.#......#XxX.#
....##.##.....#Xxx.+
######## ....##....# ##
..######### .# .## .# .#
##


You could see 3 large abominations, 3 small abominations and a friendly ogre
(berserk).

Vanquished Creatures
  Erica (D:8)
  Pikel (D:4)
  A wizard (D:9)
  2 large abominations (D:9)
  2 hippogriffs
  Sigmund (D:2)
  A wyvern (D:8)
  4 small abominations (D:9)
  Menkaure (D:6)
  4 orc warriors
  An ice beast (D:5)
  5 ogres
  A necrophage (D:9)
  A phantom (D:5)
  5 bullfrogs
  2 scorpions
  2 howler monkeys
  5 crimson imps
  A quasit (D:7)
  5 hounds
  7 orc priests
  A centaur zombie (D:5)
  A jelly (D:9)
  5 orc wizards
  Crazy Yiuf (D:7)
  2 bullfrog skeletons
  2 iguanas
  A centaur skeleton (D:6)
  3 worker ants
  2 hound skeletons
  A howler monkey skeleton (D:4)
  7 gnolls
  3 adders
  3 shadow imps
  An adder zombie (D:6)
  2 adder skeletons
  2 worms
  A dart slug (D:1)
  47 orcs
  3 giant cockroaches
  6 goblins
  4 hobgoblins
  9 jackals
  6 kobolds
  A quokka (D:7)
  A ball python (D:1)
  5 bats
  A frilled lizard (D:2)
  A leopard gecko zombie (D:6)
  8 rats
183 creatures vanquished.

Vanquished Creatures (others)
  A hound (D:4)
  An orc (D:4)
2 creatures vanquished.

Grand Total: 185 creatures vanquished

Notes
Turn   | Place    | Note
-------+----------+-------------------------------------------
     0 | D:1      | nikopol the Minotaur Berserker began the quest for the Orb.
     0 | D:1      | Reached XP level 1. HP: 19/19 MP: 0/0
    40 | D:1      | Reached XP level 2. HP: 7/27 MP: 1/1
    52 | D:1      | Reached skill level 4 in Axes
   678 | D:2      | Found a sparkling altar of Nemelex Xobeh.
   855 | D:2      | Reached ** piety under Trog
   938 | D:2      | Reached XP level 3. HP: 34/34 MP: 2/2
  1052 | D:2      | Noticed Sigmund
  1065 | D:2      | Killed Sigmund
  1065 | D:2      | Reached skill level 5 in Fighting
  1065 | D:2      | Reached skill level 5 in Axes
  1065 | D:2      | Reached XP level 4. HP: 42/42 MP: 3/3
  1065 | D:2      | Reached XP level 5. HP: 48/48 MP: 4/4
  1512 | D:3      | Reached skill level 6 in Axes
  1512 | D:3      | Reached XP level 6. HP: 56/56 MP: 5/5
  1878 | D:4      | Noticed a slave
  1879 | D:4      | Noticed Pikel
  1879 | D:4      | Noticed a slave
  1879 | D:4      | Noticed a slave
  1879 | D:4      | Noticed a slave
  1889 | D:4      | Killed Pikel
  1889 | D:4      | Reached skill level 8 in Axes
  1889 | D:4      | Reached skill level 1 in Stealth
  1889 | D:4      | Reached XP level 7. HP: 62/63 MP: 6/6
  1964 | D:4      | Reached XP level 8. HP: 61/70 MP: 7/7
  1991 | D:4      | Reached skill level 9 in Axes
  1991 | D:4      | Reached skill level 5 in Armour
  2221 | D:4      | Got a spiked cloak
  2227 | D:4      | Identified the cursed +0 cloak of Goaddaej {+Fly Int+2}
                  | (You found it on level 4 of the Dungeon)
  2444 | D:5      | Entered Level 5 of the Dungeon
  2506 | D:5      | Reached *** piety under Trog
  2717 | D:5      | Reached skill level 10 in Axes
  2763 | D:5      | Found a staircase to the Ecumenical Temple.
  3307 | D:6      | Reached XP level 9. HP: 55/79 MP: 8/8
  3455 | D:6      | Noticed Menkaure
  3464 | D:6      | Killed Menkaure
  3464 | D:6      | Reached skill level 11 in Axes
  3649 | D:6      | Reached **** piety under Trog
  3909 | D:7      | Found a runed translucent door.
  3910 | D:7      | Noticed Crazy Yiuf
  3917 | D:7      | Killed Crazy Yiuf
  4428 | D:8      | Found Xewn's Magic Scroll Shoppe.
  4432 | D:8      | Bought a scroll of teleportation for 45 gold pieces
  4432 | D:8      | Bought a scroll of enchant armour for 112 gold pieces
  4563 | D:8      | Noticed Erica
  4577 | D:8      | Killed Erica
  4577 | D:8      | Reached skill level 12 in Axes
  4882 | D:8      | Reached XP level 10. HP: 69/90 MP: 9/9
  4994 | D:8      | Reached skill level 5 in Dodging
  5363 | D:9      | Found a runed translucent gate.
  5372 | D:9      | Found a roughly hewn altar of Beogh.
  5390 | D:9      | Reached ***** piety under Trog
  5621 | D:9      | Noticed quik's ghost (novice DDFi)
  5806 | D:9      | Found a runed translucent gate.
  5806 | D:9      | Found a runed translucent gate.
  5831 | D:9      | Noticed a wizard
  5837 | D:9      | Killed a wizard
  5852 | D:9      | Noticed a large abomination
  5866 | D:9      | Killed a large abomination
  5866 | D:9      | Reached skill level 13 in Axes
  5870 | D:9      | Noticed a large abomination
  5882 | D:9      | HP: 4/91 [large abomination (29)]
  5882 | D:9      | Demolished by a large abomination

Levels and vault maps discovered:
D:1:      nzn_arrival_crosshair, layout_rooms
D:2:      layout_loops_cross, old_standard_altar, serial_glass, glass_columns_b,
          glass_columns_a, uniq_sigmund
D:3:      layout_basic
D:4:      layout_gridville, uniq_pikel
D:5:      layout_gridville, minmay_temple_entry_antechambers, first_ration,
          serial_rivers, chequers_serial_rivers_micro_a,
          chequers_serial_rivers_small_3, chequers_serial_rivers_room_a,
          chequers_serial_rivers_micro_d, chequers_serial_rivers_small_a,
          chequers_serial_rivers_micro_b, minmay_chambers_of_fives
D:6:      layout_basic, eino_tiny_chamber, uniq_menkaure
D:7:      layout_rooms, serial_glass, glass_columns_b, glass_columns_c,
          glass_columns_a, glass_columns_a, glass_columns_b, glass_columns_b,
          glass_columns_a, glass_columns_a, glass_columns_c, glass_columns_a,
          item_on_display_b, feat_on_display, feat_on_display,
          uniq_crazy_yiuf_cottage
D:8:      layout_basic, serial_shops, shop, uniq_erica
D:9:      layout_cave_pools, gammafunk_ghost_icy, special_room
          [special_room_orc], laboratory

Skill      XL: |  1  2  3  4  5  6  7  8  9 10 |
---------------+-------------------------------+-----
Fighting       | 4 5 6 7 8 9 |  9.3
Axes           | 4 5 6 8 10 12 13 | 13.3
Armour         | 3 4 6 8 9 |  9.2
Dodging        | 3 4 5 |  5.5
Stealth        | 1 2 |  2.1

Action                   |  1- 3 |  4- 6 |  7- 9 | 10-12 || total
-------------------------+-------+-------+-------+-------++-------
Melee: Hand axe          |    20 |       |       |    86 ||   106
       War axe           |    35 |    32 |   231 |    18 ||   316
       Headbutt          |     6 |     3 |    52 |    22 ||    83
Invok: Berserk           |     1 |     2 |     2 |     1 ||     6
       Brothers in Arms  |       |       |       |     1 ||     1
  Eat: Chunk             |       |     2 |    12 |     3 ||    17
       Ration            |       |     1 |       |       ||     1
Armor: Scale mail        |    17 |    10 |    80 |    28 ||   135
       Animal skin       |     1 |       |       |       ||     1
Dodge: Dodged            |    49 |    24 |   128 |    55 ||   256

Table legend:
 A = Non-vault XP
 B = Vault XP
 C = Vault XP percentage of total XP
 D = Non-vault monster count
 E = Vault monster count
 F = Vault count percentage of total count
                 A         B        C        D         E       F
            +---------+---------+-------+---------+---------+-------
      Total |    4276 |    4531 |  51.4 |     142 |      41 |  22.4
            +---------+---------+-------+---------+---------+-------
        D:1 |      21 |       0 |   0.0 |      14 |       0 |   0.0
        D:2 |      36 |     231 |  86.5 |      15 |       1 |   6.2
        D:3 |     143 |       0 |   0.0 |      11 |       0 |   0.0
        D:4 |     771 |     697 |  47.5 |      22 |       1 |   4.3
        D:5 |     563 |      93 |  14.2 |      17 |       3 |  15.0
        D:6 |     691 |     172 |  19.9 |      19 |       1 |   5.0
        D:7 |     639 |      40 |   5.9 |      12 |       1 |   7.7
        D:8 |     772 |     934 |  54.7 |      18 |       1 |   5.3
        D:9 |     640 |    2364 |  78.7 |      14 |      33 |  70.2
            +---------+---------+-------+---------+---------+-------
